 Dungeon Crawl Stone Soup version 0.23.1 (webtiles) character file.

Game seed: 0

130907 SilentRunner the Warrior (level 16, 0/165 HPs)
             Began as a Minotaur Fighter on Mar 8, 2019.
             Was the Champion of Okawaru.
             Slain by a redback (9 damage)
             ... on level 3 of the Spider Nest.
             The game lasted 03:31:22 (33307 turns).

SilentRunner the Warrior (Minotaur Fighter)        Turns: 33307, Time: 03:31:23

Health: 0/165      AC: 37    Str: 33    XL:     16   Next: 54%
Magic:  25/25      EV:  7    Int: 12    God:    Okawaru [******]
Gold:   524        SH:  0    Dex: 11    Spells: 15/15 levels left

rFire    + . .     SeeInvis +   x - +7 whip (elec)
rCold    + + +     Gourm    .   c - +1 shield
rNeg     . . .     Faith    +   P - +8 plate armour of Doiboker {rPois rF+ MR- Str+2}
rPois    +         Spirit   .   B - +3 hat of Pondering {ponderous, MR+ MP+10 Int+5}
rElec    +         Reflect  .   K - +2 cloak of Duty {rElec rC++ Dex-4}
rCorr    +         Harm     .   O - +2 pair of gloves {Dex+3}
MR       +....                  k - +2 pair of boots {run}
Stlth    ..........             L - amulet of faith
HPRegen  0.37/turn              t - ring of see invisible
MPRegen  0.19/turn              H - ring "Rolopecwes" {rCorr rC+ Int+2}

@: confused, mighty, hasted, heavily drained, very quick
A: retaliatory headbutt, horns 2
a: Heroism, Finesse, Renounce Religion


You were on level 3 of the Spider Nest.
You worshipped Okawaru.
Okawaru was exalted by your worship.
You were hungry.

You visited 5 branches of the dungeon, and saw 27 of its levels.
You visited the Abyss 1 time.
You also visited: Sewer and Bailey.

You collected 2471 gold pieces.
You spent 1947 gold pieces at shops.

Inventory:

Hand Weapons
 h - a +4 hunting sling
 r - a +3 eveningstar of draining
 x - a +7 whip of electrocution (weapon)
 V - a +1 dire flail of protection
Missiles
 o - 247 sling bullets (quivered)
Armour
 c - a +1 shield (worn)
 k - a +2 pair of boots of running (worn)
 B - the +3 hat of Pondering (worn) {ponderous, MR+ MP+10 Int+5}
   (You took it off Gastronok on level 1 of the Orcish Mines)

   It affects your intelligence (+5).
   It affects your resistance to hostile enchantments.
   It affects your magic capacity (+10).
 F - the +8 plate armour of Dyspraxia {rC- Regen+ rCorr Int+4}
   (You bought it in a shop on level 2 of the Orcish Mines)

   It affects your intelligence (+4).
   It makes you vulnerable to cold.
   It increases your rate of regeneration.
   It provides partial protection from all sources of acid and corrosion.
 K - the +2 cloak of Duty (worn) {rElec rC++ Dex-4}
   (Okawaru gifted it to you on level 1 of the Lair of Beasts)

   It affects your dexterity (-4).
   It greatly protects you from cold.
   It insulates you from electricity.
 O - a +2 pair of gloves of dexterity (worn)
 P - the +8 plate armour of Doiboker (worn) {rPois rF+ MR- Str+2}
   (Okawaru gifted it to you on level 4 of the Lair of Beasts)

   It affects your strength (+2).
   It protects you from fire.
   It protects you from poison.
   It affects your resistance to hostile enchantments.
 W - a scarf of repulsion
Jewellery
 q - an uncursed amulet of harm
 t - a ring of see invisible (left hand)
 z - an uncursed amulet of guardian spirit
 C - an uncursed ring of positive energy
 E - an uncursed ring of protection from magic
 H - the ring "Rolopecwes" (right hand) {rCorr rC+ Int+2}
   (You found it on level 15 of the Dungeon)

   [ring of resist corrosion]

   It affects your intelligence (+2).
   It protects you from cold.
 L - an amulet of faith (around neck)
 Q - an uncursed ring of magical power
 T - an uncursed ring of protection from fire
Wands
 l - a wand of flame (85)
 w - a wand of acid (4)
 y - a wand of polymorph (10)
 G - a wand of paralysis (22)
 N - a wand of iceblast (2)
Scrolls
 b - a scroll of enchant armour
 g - 3 scrolls of magic mapping
 i - 5 scrolls of blinking
 j - 14 scrolls of remove curse
 m - a scroll of amnesia
 n - a scroll of fear {unknown}
 s - 4 scrolls of teleportation
 I - 2 scrolls of fog
 U - 3 scrolls of identify
Potions
 d - 4 potions of might
 e - 6 potions of flight
 p - 2 potions of brilliance
 u - 2 potions of haste
 v - 7 potions of lignification
 A - 4 potions of magic
 D - 2 potions of cancellation
 J - 2 potions of curing
 M - a potion of agility
 R - a potion of ambrosia
Miscellaneous
 Y - a phial of floods
Comestibles
 f - 36 rations


   Skills:
 * Level 20.7(16.5) Fighting
 + Level 15.3(11.5) Maces & Flails
   Level 2.6(0.0) Polearms
 - Level 2.5(0.0) Slings
 - Level 0.1(0.0) Throwing
 * Level 17.1(13.2) Armour
 - Level 2.5(0.0) Dodging
 - Level 0.1(0.0) Stealth
 - Level 15.0(11.2) Shields
 - Level 0.7(0.0) Evocations


You had 15 spell levels left.
You didn't know any spells.
Your spell library contained the following spells:

 Spells                   Type           Power        Failure   Level  Hunger
 Animate Skeleton         Necr           N/A          95%         1    ##.....
 Apportation              Tloc           #.....       95%         1    ##.....
 Confusing Touch          Hex            #.....       95%         1    ##.....
 Flame Tongue             Conj/Fire      #....        95%         1    ##.....
 Magic Dart               Conj           #...         95%         1    ##.....
 Sandblast                Erth           #.....       95%         1    ##.....
 Summon Small Mammal      Summ           #...         95%         1    ##.....
 Blink                    Tloc           N/A          99%         2    ###....
 Call Imp                 Summ           #.......     99%         2    ###....
 Passwall                 Tmut/Erth      #.......     99%         2    ###....
 Slow                     Hex            #.......     99%         2    ###....
 Throw Flame              Conj/Fire      #.....       99%         2    ###....
 Conjure Flame            Conj/Fire      #.......     100%        3    ####...
 Ignite Poison            Fire/Tmut/Pois #.......     100%        3    ####...
 Inner Flame              Hex/Fire       #.......     100%        3    ####...
 Mephitic Cloud           Conj/Pois/Air  #.......     100%        3    ####...
 Stone Arrow              Conj/Erth      #.....       100%        3    ####...
 Leda's Liquefaction      Hex/Erth       #.........   100%        4    #####..
 Petrify                  Tmut/Erth      #.......     100%        4    #####..
 Sticky Flame             Conj/Fire      #.......     100%        4    #####..
 Bolt of Magma            Conj/Fire/Erth #.........   100%        5    ######.
 Fireball                 Conj/Fire      #.........   100%        5    ######.
 Iskenderun's Battlesphe  Conj/Chrm      #.......     100%        5    ######.
 Lee's Rapid Deconstruct  Erth           #.........   100%        5    ######.
 Venom Bolt               Conj/Pois      #.........   100%        5    ######.
 Bolt of Fire             Conj/Fire      #.........   100%        6    #######
 Iron Shot                Conj/Erth      #.........   100%        6    #######
 Poison Arrow             Conj/Pois      #.........   100%        6    #######
 Statue Form              Tmut/Erth      #........    100%        6    #######
 Orb of Destruction       Conj           #.........   100%        7    #######
 Ring of Flames           Chrm/Fire      #.........   100%        7    #######
 Spellforged Servitor     Conj/Summ      #.........   100%        7    #######
 Chain Lightning          Conj/Air       #.........   100%        8    #######
 Ignition                 Fire           #.........   100%        8    #######
 Lehudib's Crystal Spear  Conj/Erth      #.........   100%        8    #######
 Fire Storm               Conj/Fire      #.........   100%        9    #######
 Glaciate                 Conj/Ice       #.........   100%        9    #######
 Shatter                  Erth           #.........   100%        9    #######


Dungeon Overview and Level Annotations

Branches:
Dungeon (15/15)            Temple (1/1) D:7            Lair (6/6) D:11
 Shoals (0/4) Lair:2       Spider (3/4) Lair:2        Slime (0/5) Lair:5
    Orc (2/2) D:9             Elf (0/3) Orc:2        Vaults (0/5) D:14
 Depths (0/5) D:15

Altars:
Cheibriados
Dithmenos
Elyvilon
Fedhas
Hepliaklqana
Kikubaaqudgha
Makhleb
Okawaru
Qazlal
Sif Muna
Trog
Wu Jian
Xom
Zin
Beogh

Shops:
D:4 !   D:10 (   D:12 =   Orc:2 [[?%[

Annotations:
D:8 1 transporter
Lair:6 exclusion: 3 oklob plants
Spider:3 3 runed translucent doors, Asterion; Gohat's ghost, journeyman HOBe


Innate Abilities, Weirdness & Mutations

You reflexively headbutt those who attack you in melee.
You have a pair of horns on your head.


Message History

The wolf spider bites you but does no damage.
The tarantella bites you but does no damage.
You feel better.
The redback bites you but does no damage.
The tarantella bites you!
* * * LOW HITPOINT WARNING * * *
You are confused.
The wolf spider hits you but does no damage.
The wolf spider closely misses you.
The redback bites you but does no damage.
The wolf spider barely misses you.
The wolf spider bites you but does no damage.
You're too confused!
Okay, then.
You feel very mighty all of a sudden.
The redback bites you but does no damage.
The wolf spider hits you but does no damage.
The wolf spider bites you but does no damage.
The redback bites you!
You die...

..#.....#..^...
.....s..........
#.##......#.#.#^
##..........^...
##....#..#.#...
#≈....s..#...[
#≈≈..2sy.###.#
####.ss### #
#..@# #####


You could see a green death, a wolf spider (berserk), a moth of wrath, a jumping
spider, a tarantella (berserk) and 2 redbacks.

Vanquished Creatures
  Rupert (Lair:4)
  Jorgrun (Orc:1)
  Frances (D:14)
  Gastronok (Orc:1)
  Kirke (D:15)
  Agnes (D:15)
  Donald (Spider:2)
  Louise (D:14)
  An entropy weaver (Spider:2)
  Nessos (Lair:5)
  A spark wasp (Spider:2)
  A fire dragon (Lair:6)
  Josephine (D:12)
  A yaktaur captain (D:15)
  8 vault guards
  Erolcha (Orc:2)
  Harold (D:9)
  7 hydras
  3 two-headed ogres
  A catoblepas (Lair:4)
  3 centaur warriors
  10 death yaks
  A tengu warrior (D:14)
  4 orc high priests (Orc:2)
  Urug (Lair:4)
  An unseen horror (D:12)
  3 skeletal warriors (D:15)
  A wizard (D:14)
  A swamp dragon (Lair:6)
  A wolf spider zombie (D:14)
  A necromancer (Lair:4)
  9 orb spiders
  3 orc knights
  3 orc sorcerers
  24 ugly things
  12 wolf spiders
  A manticore (shapeshifter) (D:15)
  A moth of wrath (Spider:2)
  3 manticores
  A cyclops (Orc:2)
  9 black mambas
  7 elephants (Lair:4)
  4 centaur zombies
  Maurice (Orc:1)
  A guardian serpent (Lair:6)
  2 centaur skeletons
  9 spiny frogs
  5 rime drakes (Lair:6)
  A kobold demonologist (D:11)
  9 komodo dragons
  A yaktaur (D:15)
  7 demonic crawlers
  An efreet (D:13)
  A tengu conjurer (D:14)
  11 jumping spiders
  17 slime creatures
  5 hornets
  8 hippogriffs
  5 dream sheep
  Prince Ribbit (D:6)
  7 blink frogs (Lair:5)
  41 redbacks
  Sigmund (D:4)
  A spriggan (Lair:5)
  A shadow (D:11)
  3 wraiths (D:12)
  11 tarantellas
  6 hogs
  16 wyverns
  26 yaks
  A human (D:7)
  Grum (D:8)
  4 basilisks
  4 steam dragons
  8 vampire mosquitoes
  A hungry ghost (D:11)
  Edmund (D:5)
  4 wargs
  2 insubstantial wisps (Lair:1)
  Duvessa (D:6)
  18 water moccasins
  5 porcupines
  An acid dragon (D:13)
  A floating eye (Lair:6)
  An ice beast (D:7)
  22 orc warriors
  A swamp drake (Lair:1)
  3 sky beasts
  2 necrophages (D:11)
  7 ogres
  11 wolves
  A phantom (D:8)
  12 crocodiles
  2 centaurs
  23 bullfrogs
  8 gnoll sergeants (Bailey)
  Dowan (D:6)
  5 scorpions
  9 killer bees
  10 wights
  2 howler monkeys
  4 bullfrog zombies
  5 crimson imps
  2 quasits
  9 jellies
  5 hounds
  6 gnoll shamans (Bailey)
  24 orc priests
  3 bullfrog skeletons
  Crazy Yiuf (D:6)
  23 orc wizards
  Jessica (D:3)
  7 iguanas
  4 yak simulacra (Lair:4)
  8 worker ants
  Terence (D:3)
  2 polar bear simulacra (Lair:4)
  2 wolf simulacra (Lair:4)
  A howler monkey zombie (D:10)
  A worker ant zombie (D:7)
  Robin (D:3)
  24 gnolls
  2 howler monkey skeletons
  15 adders
  4 shadow imps
  18 oozes
  5 worms
  3 dart slugs
  15 leopard geckos
  57 orcs
  A bat zombie (D:4)
  20 giant cockroaches
  12 goblins
  9 hobgoblins
  15 jackals
  3 quokkas
  12 ball pythons
  4 bats
  11 frilled lizards
  A jackal skeleton (D:6)
  A jackal zombie (D:6)
  8 kobolds
  A leopard gecko skeleton (D:4)
  A quokka zombie (D:5)
  3 rats
  2 rat zombies (D:4)
  3 river rat simulacra (Lair:4)
  A butterfly (Lair:3)
  2 fungi
  7 plants
879 creatures vanquished.

Vanquished Creatures (collateral kills)
  A troll (D:14)
  An orc priest (Orc:2)
2 creatures vanquished.

Vanquished Creatures (others)
  A torpor snail (Spider:2)
  A redback (Spider:3)
  2 humans (D:15)
  An orc priest (D:15)
  An orc (D:15)
  10 bushes (Lair:6)
  18 fungi
  46 plants
  8 starspawn tentacles (Abyss:3)
  6 toadstools (D:3)
94 creatures vanquished.

Grand Total: 975 creatures vanquished

Notes
Turn   | Place    | Note
-------+----------+-------------------------------------------
     0 | D:1      | SilentRunner the Minotaur Fighter began the quest for the
                  | Orb.
     0 | D:1      | Reached XP level 1. HP: 19/19 MP: 0/0
   430 | D:1      | Reached skill level 4 in Fighting
   430 | D:1      | Reached XP level 2. HP: 27/27 MP: 1/1
  1166 | D:2      | Reached XP level 3. HP: 32/34 MP: 2/2
  1188 | D:2      | Found a blossoming altar of Fedhas.
  1557 | D:3      | Noticed Terence
  1568 | D:3      | Killed Terence
  1568 | D:3      | Reached XP level 4. HP: 30/41 MP: 3/3
  1736 | D:3      | Reached skill level 1 in Maces & Flails
  1829 | D:3      | Noticed Jessica
  1841 | D:3      | Killed Jessica
  1841 | D:3      | Reached XP level 5. HP: 31/47 MP: 4/4
  2114 | D:3      | Reached skill level 5 in Fighting
  2546 | D:3      | Noticed Robin
  2557 | D:3      | Killed Robin
  2557 | D:3      | Reached XP level 6. HP: 55/56 MP: 5/5
  2752 | D:4      | Found a stormy altar of Qazlal.
  2794 | D:4      | Found Jekkuogg's Distillery.
  2866 | D:4      | Reached skill level 1 in Dodging
  2909 | D:4      | Found an ancient bone altar of Kikubaaqudgha.
  3102 | D:4      | Noticed Sigmund
  3118 | D:4      | Found a glowing drain.
  3131 | Sewer    | Entered a sewer
  3288 | Sewer    | Reached skill level 5 in Maces & Flails
  3505 | Sewer    | Reached XP level 7. HP: 59/61 MP: 6/6
  3510 | Sewer    | Reached skill level 5 in Shields
  3605 | D:4      | Bought a potion of curing for 33 gold pieces
  3668 | D:5      | Entered Level 5 of the Dungeon
  3756 | D:5      | Noticed Edmund
  3771 | D:5      | Killed Edmund
  3771 | D:5      | Reached skill level 5 in Armour
  4566 | D:6      | Reached XP level 8. HP: 70/70 MP: 7/7
  4583 | D:6      | Found a deep blue altar of Sif Muna.
  4618 | D:6      | Reached skill level 6 in Fighting
  4898 | D:6      | Noticed Duvessa
  4898 | D:6      | Noticed Dowan
  4911 | D:6      | Killed Duvessa
  4919 | D:6      | Killed Dowan
  5009 | D:6      | Noticed Prince Ribbit
  5031 | D:6      | Killed Prince Ribbit
  5403 | D:6      | Found a runed translucent door.
  5404 | D:6      | Noticed Crazy Yiuf
  5711 | D:6      | Killed Crazy Yiuf
  5852 | D:7      | Reached XP level 9. HP: 58/78 MP: 8/8
  5874 | D:7      | Found an ornate altar of the Wu Jian Council.
  5999 | D:7      | Reached skill level 10 in Maces & Flails
  6277 | D:7      | Found a staircase to the Ecumenical Temple.
  6291 | Temple   | Entered the Ecumenical Temple
  6328 | Temple   | Became a worshipper of Warmaster Okawaru
  6457 | D:7      | Found a white marble altar of Elyvilon.
  6761 | D:7      | Reached * piety under Okawaru
  7278 | D:8      | Found a bloodstained altar of Trog.
  7301 | D:8      | Reached XP level 10. HP: 84/84 MP: 9/9
  7331 | D:8      | Reached skill level 7 in Fighting
  7338 | D:8      | Reached ** piety under Okawaru
  7537 | D:8      | Found a transporter.
  7555 | D:8      | Found a transporter.
  7585 | D:8      | Noticed Grum
  7593 | D:8      | Reached skill level 8 in Fighting
  7622 | D:8      | Killed Grum
  7641 | D:8      | Noticed a two-headed ogre
  7644 | D:8      | HP: 4/90 [two-headed ogre/+0 giant club (26)]
  8017 | D:8      | Found a burning altar of Makhleb.
  8089 | D:8      | Killed a two-headed ogre
  8089 | D:8      | Reached *** piety under Okawaru
  8089 | D:8      | Reached skill level 9 in Fighting
  8841 | D:9      | Reached skill level 10 in Fighting
  9103 | D:9      | Found a staircase to the Orcish Mines.
  9148 | D:9      | Reached skill level 11 in Fighting
  9342 | D:9      | Noticed Harold
  9350 | D:9      | Killed Harold
  9350 | D:9      | Reached **** piety under Okawaru
  9350 | D:9      | Reached skill level 12 in Fighting
 10045 | D:4      | Killed Sigmund
 10314 | Orc:1    | Entered Level 1 of the Orcish Mines
 10314 | Orc:1    | Noticed an orc sorcerer
 10483 | D:10     | Entered Level 10 of the Dungeon
 10681 | D:10     | Found Xuta Zud's Antique Weapon Boutique.
 10694 | D:10     | Noticed a two-headed ogre
 10702 | D:10     | Killed a two-headed ogre
 10702 | D:10     | Reached XP level 11. HP: 88/105 MP: 10/10
 11115 | D:11     | Found a staircase to the Lair.
 11137 | D:11     | Received a gift from Okawaru
 11278 | D:11     | Reached skill level 13 in Fighting
 11293 | D:11     | Reached ***** piety under Okawaru
 11604 | D:11     | Identified the +1 robe "Zem Naok" {Int+2 Dex-2 Slay+3 SInv}
 11753 | D:11     | Noticed a green ugly thing
 11765 | D:11     | Killed a green ugly thing
 11809 | D:11     | Noticed a red ugly thing
 11850 | D:11     | Noticed a two-headed ogre
 11854 | D:11     | Killed a two-headed ogre
 11931 | D:11     | Found a shadowy altar of Dithmenos.
 12056 | D:11     | Noticed a four-headed hydra
 12068 | D:11     | Killed a four-headed hydra
 12068 | D:11     | Received a gift from Okawaru
 12068 | D:11     | Reached skill level 14 in Fighting
 12343 | Lair:1   | Entered Level 1 of the Lair of Beasts
 12398 | Lair:1   | Received a gift from Okawaru
 12894 | Lair:1   | Got a bloodstained cloak {god gift}
 12901 | Lair:1   | Identified the +2 cloak of Duty {rElec rC++ Dex-4} (Okawaru
                  | gifted it to you on level 1 of the Lair of Beasts)
 13616 | Lair:2   | Found a hole to the Spider Nest.
 13634 | Lair:2   | Reached XP level 12. HP: 118/118 MP: 11/11
 13643 | Lair:2   | Reached skill level 15 in Fighting
 13754 | Lair:2   | You fall through a shaft for 2 floors!
 13895 | Lair:4   | Noticed a catoblepas
 13897 | Lair:4   | Noticed Rupert
 13908 | Lair:4   | Killed a catoblepas
 13929 | Lair:4   | Killed Rupert
 13929 | Lair:4   | Received a gift from Okawaru
 13929 | Lair:4   | Reached skill level 10 in Shields
 13935 | Lair:4   | Got a bronze plate armour {god gift}
 13947 | Lair:4   | Identified the +8 plate armour of Doiboker {rPois rF+ MR-
                  | Str+2} (Okawaru gifted it to you on level 4 of the Lair of
                  | Beasts)
 14339 | Lair:4   | Reached skill level 16 in Fighting
 14364 | Lair:4   | Noticed a six-headed hydra
 14373 | Lair:4   | Killed a six-headed hydra
 14397 | Lair:4   | Noticed an eight-headed hydra
 14404 | Lair:4   | Killed an eight-headed hydra
 14956 | Lair:4   | Noticed Urug
 14979 | Lair:4   | Killed Urug
 15549 | Lair:2   | Found a staircase to the Shoals.
 15569 | Lair:2   | Reached ****** piety under Okawaru
 15605 | Lair:2   | Reached XP level 13. HP: 110/130 MP: 9/12
 16707 | Lair:3   | Reached skill level 10 in Armour
 17082 | Lair:5   | Found a staircase to the Slime Pits.
 17161 | Lair:5   | You fall through a shaft!
 17161 | Lair:6   | Entered Level 6 of the Lair of Beasts
 17250 | Lair:6   | Received a gift from Okawaru
 17703 | Lair:6   | Noticed Nessos
 18789 | Lair:5   | Reached skill level 17 in Fighting
 18834 | Lair:5   | Received a gift from Okawaru
 19273 | Lair:6   | Paralysed by a floating eye for 3 turns
 19637 | Lair:5   | Killed Nessos
 19889 | Lair:6   | Reached XP level 14. HP: 139/140 MP: 13/13
 20049 | Lair:5   | Reached skill level 15 in Shields
 20786 | Lair:6   | Received a gift from Okawaru
 20832 | Lair:6   | Identified a +1 pair of boots of running (Okawaru gifted it
                  | to you on level 6 of the Lair of Beasts)
 22395 | D:12     | Paralysed by an orc for 7 turns
 22503 | D:12     | Noticed Josephine
 22532 | D:12     | Killed Josephine
 22532 | D:12     | Reached skill level 18 in Fighting
 22556 | D:12     | Found Kewkam's Jewellery Emporium.
 22580 | D:12     | Bought an uncursed amulet of faith for 560 gold pieces
 22891 | D:13     | Found a flagged portal.
 22924 | Bailey   | Entered a bailey
 23906 | D:13     | You fall through a shaft for 2 floors!
 23906 | D:15     | Entered Level 15 of the Dungeon
 23983 | D:15     | Received a gift from Okawaru
 24114 | D:15     | Noticed Kirke
 24138 | D:15     | Killed Kirke
 24280 | D:15     | Got a shimmering wooden ring
 24283 | D:15     | Identified the ring "Rolopecwes" {rCorr rC+ Int+2} (You
                  | found it on level 15 of the Dungeon)
 24317 | D:15     | Received a gift from Okawaru
 24359 | D:15     | Reached XP level 15. HP: 104/150 MP: 14/14
 24496 | D:15     | Received a gift from Okawaru
 24534 | D:15     | Got a dazzling scale mail
 24545 | D:15     | Identified the +1 scale mail "Woiwur" {rPois} (You found it
                  | on level 15 of the Dungeon)
 24666 | D:15     | Noticed Agnes
 24673 | D:15     | Killed Agnes
 24774 | D:15     | Found a blossoming altar of Fedhas.
 24863 | D:15     | Found a staircase to the Depths.
 24871 | D:15     | Reached skill level 19 in Fighting
 25330 | D:14     | Received a gift from Okawaru
 25386 | D:14     | Noticed Louise
 25691 | D:14     | Cast into level 2 of the Abyss (Louise)
 25752 | Abyss:2  | Noticed a tentacled monstrosity
 25778 | Abyss:2  | Noticed a tentacled starspawn
 25820 | Abyss:3  | Noticed a tentacled starspawn
 25859 | D:14     | Escaped the Abyss
 26186 | D:14     | Killed Louise
 26680 | D:14     | Noticed Frances
 26730 | D:14     | Killed Frances
 26730 | D:14     | Reached skill level 15 in Armour
 26839 | D:14     | Found a gate to the Vaults.
 27913 | Orc:1    | Noticed Gastronok
 27960 | Orc:1    | Killed Gastronok
 27960 | Orc:1    | Received a gift from Okawaru
 28204 | Orc:1    | Noticed Jorgrun
 28226 | Orc:1    | Killed Jorgrun
 28334 | Orc:1    | Noticed Maurice
 28364 | Orc:1    | Killed Maurice
 28561 | Orc:2    | Entered Level 2 of the Orcish Mines
 28563 | Orc:2    | Found Jolaog's Antique Armour Shoppe.
 28593 | Orc:2    | Found a roughly hewn altar of Beogh.
 29151 | Orc:2    | Found Sigholo's Food Emporium.
 29151 | Orc:2    | Found Goilegex's Antique Armour Emporium.
 29152 | Orc:2    | Found Veeddix's Magic Scroll Shoppe.
 29159 | Orc:2    | Found Diphia's Armour Shoppe.
 29441 | Orc:2    | Reached skill level 20 in Fighting
 29467 | Orc:2    | Noticed Erolcha
 29478 | Orc:2    | Killed Erolcha
 29478 | Orc:2    | Reached XP level 16. HP: 158/162 MP: 15/15
 29709 | Orc:2    | Found a staircase to the Elven Halls.
 29809 | Orc:2    | Bought a scroll of blinking for 112 gold pieces
 29809 | Orc:2    | Bought a scroll of enchant armour for 112 gold pieces
 29809 | Orc:2    | Bought a scroll of teleportation for 45 gold pieces
 29809 | Orc:2    | Bought a scroll of teleportation for 45 gold pieces
 29809 | Orc:2    | Bought a scroll of blinking for 112 gold pieces
 29809 | Orc:2    | Bought a scroll of identify for 30 gold pieces
 29809 | Orc:2    | Bought a scroll of fog for 30 gold pieces
 29814 | Orc:2    | Bought an ancient plate armour for 868 gold pieces
 29814 | Orc:2    | Identified the +8 plate armour of Dyspraxia {rC- Regen+
                  | rCorr Int+4} (You bought it in a shop on level 2 of the
                  | Orcish Mines)
 30043 | Spider:1 | Entered Level 1 of the Spider Nest
 30713 | Spider:1 | Reached skill level 15 in Maces & Flails
 31133 | Spider:1 | Received a gift from Okawaru
 31232 | Spider:1 | You fall through a shaft!
 32737 | Spider:3 | Noticed Donald
 32763 | Spider:2 | Killed Donald
 33267 | Spider:3 | Found a runed translucent gate.
 33267 | Spider:3 | Found a runed translucent gate.
 33267 | Spider:3 | Found a runed translucent gate.
 33278 | Spider:3 | Noticed Gohat's ghost (journeyman HOBe)
 33278 | Spider:3 | Noticed Asterion
 33307 | Spider:3 | Slain by a redback

Skill      XL: |  1  2  3  4  5  6  7  8  9 10 11 12 13 14 15 16 |
---------------+-------------------------------------------------+-----
Fighting       | 4 5 6 12 14 16 17 18 20 | 20.7
Slings         | 2 |  2.5
Armour         | 4 5 7 9 11 13 15 17 | 17.1
Maces & Flails | 2 4 5 6 9 12 13 14 15 | 15.3
Shields        | 4 5 6 8 11 14 15 | 15.0
Dodging        | 1 2 |  2.5
Polearms       | |  2.6
Throwing       | |  0.1
Stealth        | |  0.1
Evocations     | |  0.7

Action                   |  1- 3 |  4- 6 |  7- 9 | 10-12 | 13-15 | 16-18 || total
-------------------------+-------+-------+-------+-------+-------+-------++-------
Melee: Mace              |    17 |   114 |       |       |       |       ||   131
       Trident           |    12 |     2 |       |       |       |       ||    14
       Headbutt          |     2 |    24 |    39 |   146 |   388 |   129 ||   728
       Whip              |       |   139 |   200 |   592 |  1616 |   431 ||  2978
       Flail             |       |       |    14 |    12 |     2 |       ||    28
 Fire: Hunting sling     |    45 |       |       |       |       |       ||    45
Throw: Stone             |       |     4 |       |       |       |       ||     4
Invok: Heroism           |       |       |       |       |     3 |     1 ||     4
Evoke: Wand              |       |       |       |     2 |     6 |       ||     8
       Phial of floods   |       |       |       |       |     2 |       ||     2
  Use: Scroll            |     5 |       |    10 |     9 |    14 |     3 ||    41
       Potion            |     4 |       |     4 |     6 |     4 |     6 ||    24
 Stab: Paralysed         |       |       |       |     2 |       |       ||     2
  Eat: Chunk             |     2 |     3 |    12 |     9 |    20 |       ||    46
       Ration            |       |     1 |       |     6 |     7 |     3 ||    17
Armor: Scale mail        |    38 |   131 |    68 |    26 |       |       ||   263
       Ring mail         |       |       |       |    48 |       |       ||    48
       Plate armour      |       |       |       |    43 |   633 |   308 ||   984
Dodge: Dodged            |    17 |   112 |    79 |   147 |   286 |   136 ||   777
       Deflected         |       |       |       |       |     3 |       ||     3
Block: Shield            |    33 |   200 |    62 |   233 |   828 |   372 ||  1728
